Map: 이페머론 - 래더

Players

Ragnarok (SHIN)

  • Race: Zerg Zerg
  • League: Master
  • Spawn Location: 11:00

IntoTheZoun (Zoun) - Winner!

  • Race: Protoss Protoss
  • League: Master
  • Spawn Location: 5:00

VOD

Have the link to the VOD?

Description

Time

  • Played on: Jan. 9, 2020, 5:01 a.m.
  • Length: 7:19
Show
View Real Time Build Order
Export as new Build Order

Ragnarok Zerg 

Build Orders: Hatch First 

Get SALT Encoding   

  12  0:00  Drone  
  13  0:13  Overlord  
  13  0:17  Drone  
  14  0:32  Drone x2  
  16  0:48  Hatchery  
  15  0:52  Drone  
  15  0:56  Drone  
  17  0:59  Drone  
  18  1:10  Extractor  
  17  1:14  Spawning Pool  
  17  1:17  Drone  
  17  1:21  Drone  
  18  1:29  Drone  
  19  1:39  Drone  
  20  1:48  Hatchery  
  20  1:51  Drone  
  20  2:01  Queen  
  20  2:04  Drone  
  20  2:07  Drone  
  24  2:11  Zergling x2  
  25  2:17  Overlord  
  25  2:25  Queen  
  25  2:29  Drone  
  28  2:33  Metabolic Boost  
  29  2:37  Zergling x2  
  29  2:42  Drone x2  
  31  2:47  Queen  
  33  2:52  Drone  
  33  2:53  Drone  
  33  2:54  Drone  
  36  3:01  Queen  
  36  3:04  Drone  
  39  3:09  Overlord  
  39  3:11  Drone  
  39  3:12  Drone  
  41  3:14  Drone  
  42  3:26  Queen  
  44  3:28  Drone x2  
  44  3:29  Spore Crawler  
  44  3:30  Drone  
  44  3:32  Drone  
  47  3:34  Spore Crawler  
  47  3:35  Drone  
  47  3:37  Drone  
  48  3:44  Drone x2  
  48  3:46  Overlord  
  50  3:58  Lair  
  50  4:06  Drone x5  
  50  4:08  Roach Warren  
  50  4:09  Zergling x6, Extractor  
  56  4:10  Extractor  
  56  4:13  Drone  
  56  4:14  Drone x2  
  56  4:16  Overlord  
  58  4:21  Overlord  
  58  4:35  Zergling x2  
  58  4:36  Zergling x14  
  66  4:43  Drone x2  
  66  4:44  Overlord  
  68  4:48  Roach x3  
  74  4:55  Overseer  
  74  4:56  Glial Reconstitution  
  74  5:02  Overlord x2  
  74  5:04  Roach x2  
  78  5:07  Roach x2  
  78  5:08  Overlord  
  82  5:21  Drone x9  
  87  5:26  Roach x2  
  92  5:37  Roach x4  
  92  5:40  Overlord  
  92  5:42  Overlord  
  100  5:43  Extractor  
  100  5:46  Overlord  
  98  5:57  Ravager  
  98  5:58  Ravager  
  98  5:59  Zergling x2, Ravager x2  
  98  6:00  Zergling x14  
  109  6:04  Zergling x4  
  109  6:08  Roach x3  
  109  6:10  Zergling x4  
  118  6:14  Roach x2  
  118  6:16  Zergling x2  
  115  6:19  Overlord  
  115  6:20  Ravager  
  115  6:22  Zergling x4  
  115  6:26  Roach x2  
  112  6:33  Roach x3  
  112  6:36  Roach  
  112  6:39  Roach x2  
  108  6:41  Roach  
  108  6:42  Zergling x2  
  108  6:44  Roach  
  101  6:51  Zergling x6, Roach  
  101  6:52  Ravager  
  105  6:56  Roach  
  105  6:59  Roach  
Show
View Real Time Build Order
Export as new Build Order

IntoTheZoun Protoss - Winner!

Build Orders: 1 Gate Expand, Blink Stalkers 

Get SALT Encoding   

  12  0:00  Probe  
  13  0:12  Probe  
  14  0:19  Pylon  
  14  0:24  Probe  
  15  0:37  Probe (Chrono Boost)  
  15  0:39  Gateway  
  16  0:47  Probe (Chrono Boost)  
  16  0:48  Assimilator  
  17  0:52  Probe (Chrono Boost)  
  18  1:04  Probe  
  19  1:16  Probe  
  20  1:22  Nexus  
  20  1:32  Cybernetics Core  
  20  1:36  Probe  
  21  1:40  Assimilator  
  21  1:48  Probe  
  21  1:50  Pylon  
  22  2:00  Probe (Chrono Boost)  
  23  2:06  Adept (Chrono Boost)  
  23  2:12  Probe (Chrono Boost)  
  23  2:13  Twilight Council  
  26  2:20  Probe (Chrono Boost), Warp Gate  
  27  2:28  Probe (Chrono Boost)  
  28  2:30  Stalker  
  28  2:35  Probe (Chrono Boost)  
  33  2:45  Probe x2 (Chrono Boost)  
  33  2:52  Probe x2, Blink  
  35  3:04  Probe (Chrono Boost)  
  37  3:06  Probe (Chrono Boost)  
  37  3:11  Robotics Facility  
  37  3:16  Probe (Chrono Boost)  
  37  3:17  Gateway  
  37  3:19  Adept  
  41  3:22  Probe (Chrono Boost)  
  41  3:23  Probe (Chrono Boost)  
  42  3:29  Probe  
  42  3:31  Probe  
  42  3:32  Pylon  
  44  3:43  Gateway  
  44  3:45  Probe x2, Gateway  
  46  3:49  Assimilator  
  46  3:51  Pylon  
  46  3:55  Warp Prism (Chrono Boost)  
  46  4:00  Probe  
  49  4:03  Probe  
  49  4:06  Assimilator  
  50  4:11  Adept x2  
  50  4:14  Pylon  
  54  4:18  Probe  
  54  4:19  Probe  
  54  4:22  Pylon  
  56  4:24  Observer  
  57  4:33  Sentry x2  
  61  4:39  Gateway x2  
  61  4:44  Gateway  
  61  4:47  Gateway  
  61  4:49  Sentry x2  
  65  5:01  Sentry, Stalker  
  65  5:04  Pylon  
  65  5:05  Pylon  
  69  5:13  Sentry, Stalker  
  73  5:29  Stalker x2  
  77  5:37  Stalker x4  
  85  5:46  Pylon x2  
  85  5:47  Pylon  
  85  5:52  Stalker  
  85  5:53  Stalker x2  
  85  5:54  Stalker  
  93  6:04  Adept x2  
  93  6:05  Adept  
  99  6:19  Stalker x3  
  105  6:32  Cybernetics Core  
  105  6:37  Zealot x3  
  105  6:38  Zealot x2  
  101  6:47  Zealot  
  101  6:48  Zealot x2  
  95  7:01  Zealot x3  
  95  7:02  Zealot  
  95  7:07  Zealot x2  
  97  7:12  Sentry x2  
Tags
 
Add a new tag
Caveats
  • Supply blocks, unpowered buildings, or Contaminate may cause inaccurate times.
  • Supply counts are checked every 10 seconds.